 Dungeon Sprint DCSS version 0.29-a0-723-gce39da1c22 (webtiles) character file.

Game seed: 10541131010382061584

25 zeratav the Trooper (level 3, -10/42 HPs)
             Began as a Naga Fighter on June 28, 2022.
             Mangled by an ogre
             ... wielding a +0 giant club
              (26 damage)
             ... in the Dungeon (Sprint I: "Red Sonja").
             The game lasted 00:00:29 (204 turns).

zeratav the Trooper (Naga Fighter)                   Turns: 204, Time: 00:00:30

Health: -10/42     AC:  4    Str: 20    XL:     3   Next: 4%
Magic:  3/3        EV:  7    Int:  8    God:
Gold:   0          SH:  4    Dex: 10    Spells: 2/2 levels left

rFire   . . .      SeeInvis +   a - +0 war axe {axe}
rCold   . . .      Faith    .   c - +0 buckler
rNeg    . . .      Spirit   .   b - +0 scale mail
rPois   +          Reflect  .   (no helmet)
rElec   .          Harm     .   (no cloak)
rCorr   .          Rampage  .   (no gloves)
Will    .....      NoTele   +   (no barding)
Stlth   ..........              (no amulet)
HPRegen 0.14/turn               (no ring)
MPRegen 0.08/turn               (no ring)

@: very slow
A: AC +1, large, see invisible, deformed body, poison resistance, slowness 2,
spit poison 1, naga tail 1
a: Spit Poison


You were in the Dungeon.
You visited 1 branch


Innate Abilities, Weirdness & Mutations

Your serpentine skin is tough. (AC +1)
You have supernaturally acute eyesight. (SInv)
Armour fits poorly on your strangely shaped body.
Your system is resistant to poisons. (rPois)
You cover ground very slowly.
You can spit poison.
You have a snake-like lower body.


   Skills:
 + Level 6.5 Fighting
 - Level 2.0 Axes
 - Level 2.4 Armour
 - Level 2.6 Shields


You had 2 spell levels left.
You didn't know any spells.
Your spell library was empty.

Inventory:

Hand Weapons
 a - a +0 war axe (weapon) {axe}
 k - a +1 dagger of speed {short}
   (You took it off Ijyb in the Dungeon)
Armour
 b - a +0 scale mail (worn)
 c - a +0 buckler (worn)
Wands
 l - a wand of iceblast (9)
   (You took it off Ijyb in the Dungeon)
Scrolls
 j - a scroll of blinking {!r}
Potions
 d - a potion of might
 e - a potion of curing {@q1}
 f - a potion of heal wounds {@q2}
 g - a potion of haste {@q3}
 h - 2 potions of magic
 i - a potion of berserk rage {!q}

Dungeon Overview and Level Annotations

Branches:
Dungeon (1/1) Zot: 27000

Altars:

##########
#<.#..'..#
#..'@O#..+
#..#### +#
#..# #..#
#..# #⌠⌠#
####


You could see an ogre.


Message History

🤖 Initializing magus.rc ...
Bad channel name for runrest: 'pray:' ✅ Successfully initialized magus.rc [v1.9.6] Welcome, zeratav the Naga Fighter.
Press ? for a list of commands and other information.
Found a staircase leading out of the dungeon.
You open the door.
Ijyb the Twisted Goblin comes into view.
She is wielding a +1 dagger of speed and carrying a wand of iceblast (9).
Ijyb barely misses you.
There is an open door here.
Aiming: Spit Poison (3% risk of failure)
Press: ? - help, Q - select action Shift-Dir - straight line, f - Ijyb
Aim: Ijyb, wielding a +1 dagger of speed, wearing a +0 leather armour and carrying a wand of iceblast (9) (43% to hit)
The splash of poison hits Ijyb.
Ijyb is poisoned.
Ijyb hits you but does no damage. Ijyb barely misses you.
You hit Ijyb. Ijyb barely misses you. Ijyb hits you but does no damage.
You closely miss Ijyb. Ijyb barely misses you.
Ijyb hits you with a +1 dagger of speed.
HP[-4]
You take 4 damage, and now have 17/21 hp.
You hit Ijyb but do no damage.
Ijyb hits you with a +1 dagger of speed.
Ijyb hits you but does no damage.
HP[-4]
You take 4 damage, and now have 13/21 hp.
You slash Ijyb!
Ijyb looks more healthy.
Ijyb barely misses you.
Ijyb hits you with a +1 dagger of speed.
* * * LOW HITPOINT WARNING * * *
HP[-6]
You take 6 damage, and now have 7/21 hp.
MASSIVE DAMAGE!! (PAUSE)
You slash Ijyb!
You kill Ijyb!
You have got your breath back.
Your Fighting skill gained 3 levels and is now at level 6!
You have reached level 2!
You have reached level 3!
Your experience leads to an increase in your attributes!
Increase (S)trength, (I)ntelligence, or (D)exterity?
You feel stronger. x2; Your skin feels tougher.
HP[+8] MP[+2]
You now have 42 max hp (+21).
You regained 8 hp, and now have 15/42 hp.
Your mp is fully restored (3).
k - a +1 dagger of speed {short};
l - a wand of iceblast (9)
Things that are here:
a +0 leather armour; the goblin corpse of Ijyb HP[+1]
Things that are here:
a +0 leather armour; the goblin corpse of Ijyb
Okay, then.
m - a +0 leather armour
Okay, then.
You drop a +0 leather armour.
You start resting.
HP[+26]
Your hp is fully restored (42).
As you open the door, it creaks loudly!
An ogre comes into view. It is wielding a +0 giant club.
Aiming: Spit Poison (2% risk of failure)
Press: ? - help, Q - select action, (/) - cycle Shift-Dir - straight line, f - ogre
Aim: an ogre, wielding a +0 giant club (81% to hit)
The splash of poison misses the ogre.
Things that are here:
a +0 leather armour; the goblin corpse of Ijyb You slash the ogre!
The ogre hits you with a +0 giant club!!
Ouch! That really hurt!
* * * LOW HITPOINT WARNING * * *
HP[-27]
You take 27 damage, and now have 15/42 hp.
MASSIVE DAMAGE!! (PAUSE)
You hit the ogre. You block the ogre's attack.
HP[+1]
You slash the ogre!
You have got your breath back.
The ogre barely misses you.
You closely miss the ogre.
The ogre hits you with a +0 giant club!!
Ouch! That really hurt!
You die...

Skill      XL: |  1 |
---------------+----+-----
Fighting       | 6 |  6.5
Axes           | |  2.0
Armour         | |  2.4
Shields        | |  2.6

Action                   || total
-------------------------++-------
Melee: War axe           ||     9
 Abil: Spit Poison       ||     2
Armor: Scale mail        ||     3
Dodge: Dodged            ||     6
Block: Buckler           ||     1

Levels and vault maps discovered:
D:        dungeon_sprint_1 [red_sonja_temple_1, red_sonja_temple_small_1]

Notes
Turn   | Place    | Note
-------+----------+-------------------------------------------
     0 | D        | zeratav the Naga Fighter began the quest for the Orb.
     0 | D        | Reached XP level 1. HP: 21/21 MP: 1/1
     0 | D        | magus.rc [v1.9.6]
     1 | D        | Noticed Ijyb
     8 | D        | Killed Ijyb
     9 | D        | Reached skill level 6 in Fighting
     9 | D        | Reached XP level 2. HP: 12/34 MP: 2/2
     9 | D        | Reached XP level 3. HP: 15/42 MP: 3/3
   198 | D        | Noticed an ogre
   204 | D        | Mangled by an ogre

Vanquished Creatures
  Ijyb (D)
1 creature vanquished.

Table legend:
 A = Non-vault XP
 B = Vault XP
 C = Vault XP percentage of total XP
 D = Non-vault monster count
 E = Vault monster count
 F = Vault count percentage of total count
                 A         B        C        D         E       F
            +---------+---------+-------+---------+---------+-------
      Total |       0 |      36 | 100.0 |       0 |       1 | 100.0
            +---------+---------+-------+---------+---------+-------
          D |       0 |      36 | 100.0 |       0 |       1 | 100.0
            +---------+---------+-------+---------+---------+-------

Illustrated notes

Table legend:
 A = Kills in this place as a percentage of kills in entire the game.
 B = Kills by you in this place as a percentage of kills by you in the entire game.
 C = Kills by friends in this place as a percentage of kills by friends in the entire game.
 D = Other kills in this place as a percentage of other kills in the entire game.
 E = Experience gained in this place as a percentage of experience gained in the entire game.
 F = Experience gained in this place divided by the number of levels of this place that you have seen.
                   A       B       C       D       E      F
               +-------+-------+-------+-------+-------+----------------------
         Total | 100.0 | 100.0 |   N/A |   N/A | 100.0 |  36.0
       Dungeon | 100.0 | 100.0 |   N/A |   N/A | 100.0 |  36.0
               +-------+-------+-------+-------+-------+----------------------

Table legend: (Time is in decaauts)
 A = Elapsed time spent in this place.
 B = Non-inter-level travel time spent in this place.
 C = Inter-level travel time spent in this place.
 D = Time resting spent in this place.
 E = Time spent auto-exploring this place.
 F = Levels seen in this place.
 G = Mean time per level.
                   A        B        C        D        E       F      G
               +--------+--------+--------+--------+--------+-----+--------+
         Total |    210 |    210 |      0 |    182 |      0 |   1 |  210.0 |
       Dungeon |    210 |    210 |      0 |    182 |      0 |   1 |  210.0 |
               +--------+--------+--------+--------+--------+-----+--------+

Top non-repeatable levels by time:
       D: 210 daAuts
